 Dungeon Crawl Stone Soup version 0.29.1-12-g30fa7ad0bf (webtiles) character file.

Game seed: 9873949046861719192

13 Unglued128 the Chiller (level 2, -5/20 HPs)
             Began as a Draconian Ice Elementalist on Dec 26, 2022.
             Slain by a gnoll
             ... wielding a +0 spear
              (6 damage)
             ... on level 1 of the Dungeon.
             The game lasted 00:03:16 (447 turns).

Unglued128 the Chiller (Draconian Ice Elementalist)  Turns: 447, Time: 00:03:17

Health: -5/20      AC:  4    Str: 10    XL:     2   Next: 24%
Magic:  0/5        EV: 12    Int: 15    God:
Gold:   48         SH:  0    Dex: 11    Spells: 4/5 levels left

rFire   . . .      SeeInvis .   c - +0 dagger
rCold   . . .      Faith    .   (no shield)
rNeg    . . .      Spirit   .   (body armour unavailable)
rPois   .          Reflect  .   (helmet restricted)
rElec   .          Harm     .   (no cloak)
rCorr   .          Rampage  .   (no gloves)
Will    .....                   (no boots)
Stlth   ++........              (no amulet)
HPRegen 0.06/turn               (no ring)
MPRegen 0.09/turn               (no ring)

@: very slightly contaminated
A: AC +4, unfitting armour, cold-blooded
a: no special abilities


You were on level 1 of the Dungeon.
You visited 1 branch of the dungeon, and saw 1 of its levels.

You collected 48 gold pieces.

Inventory:

Hand Weapons
 c - a +0 dagger (weapon)
Scrolls
 d - a scroll of teleportation {unknown}
Potions
 a - a potion of magic
 b - a potion of brilliance {unknown}
 e - a potion of haste {unknown}
 f - a potion of lignification {unknown}
 g - a potion of might {unknown}


   Skills:
 + Level 1.9 Dodging
 + Level 1.7 Stealth
 + Level 2.2 Spellcasting
 + Level 4.3 Ice Magic


You had 4 spell levels left.
You knew the following spells:

 Your Spells              Type           Power      Damage    Failure   Level
a - Freeze                Ice            56%        1d7       3%          1

Your spell library contained the following spells:

 Spells                   Type           Power      Damage    Failure   Level
 Frozen Ramparts          Ice            28%        1d5       11%         3
 Ozocubu's Armour         Ice            14%        N/A       11%         3
 Hailstorm                Conj/Ice       8%         3d4       65%         4
 Metabolic Englaciation   Hex/Ice        4%         N/A       94%         5
 Simulacrum               Ice/Necr       4%         N/A       100%        6


Dungeon Overview and Level Annotations

Branches:
Dungeon (1/15)

Altars:

Shops:
D:1 !


Innate Abilities, Weirdness & Mutations

Your plain brown scales are hard. (AC +4)
You cannot fit into any form of body armour.
You are cold-blooded and may be slowed by cold attacks.


Message History

You freeze the gnoll.
The gnoll is almost dead.
The endoplasm quivers.
The gnoll barely misses you.
Unknown command.
Casting: Freeze (safe; 3% risk of failure)
Confirm with . or Enter, or press ? or * to list all spells.
Aiming: Freeze (safe; 3% risk of failure)
Press: ? - help, Shift-Dir - straight line, f/p - gnoll
Aim: a gnoll, wielding a +0 spear (almost dead)
You miscast Freeze.
You are very lightly contaminated with residual magic.
Nothing appears to happen.
The gnoll drinks a potion.
The gnoll is healed!
Casting: Freeze (safe; 3% risk of failure)
Confirm with . or Enter, or press ? or * to list all spells.
Aiming: Freeze (safe; 3% risk of failure)
Press: ? - help, Shift-Dir - straight line, f/p - gnoll
Aim: a gnoll, wielding a +0 spear (moderately wounded)
Okay, then.
Casting: Freeze (safe; 3% risk of failure)
Confirm with . or Enter, or press ? or * to list all spells.
Aiming: Freeze (safe; 3% risk of failure)
Press: ? - help, Shift-Dir - straight line, f/p - gnoll
Aim: a gnoll, wielding a +0 spear (moderately wounded)
You freeze the gnoll.
The gnoll is heavily wounded.
The gnoll hits you with a +0 spear.
* * * LOW HITPOINT WARNING * * *
Casting: Freeze (safe; 3% risk of failure)
Confirm with . or Enter, or press ? or * to list all spells.
Aiming: Freeze (safe; 3% risk of failure)
Press: ? - help, Shift-Dir - straight line, f/p - gnoll
Aim: a gnoll, wielding a +0 spear (heavily wounded)
You freeze the gnoll.
The gnoll is almost dead.
The gnoll closely misses you.
You hit the gnoll but do no damage.
The gnoll is almost dead.
The gnoll hits you with a +0 spear.
You die...

..###... >####..... ...#
.......#####...... ....#
....#........#..) ###
#..#...####.####......#... ...#
#.[...................#... ..g.#
#.#...................##.. .....
#.#.........)............. .....
#.#.....gJ##.........###.. .....#
#.#......@....##.....##...
.....###.#......###รท.###.....#...
.........####...#...## ##########
.....###....##..#...# #.(.# .....#
#.##.........# #...# .....#
#.#......###.# ###+###'## .....#
#.#.#.#..###.# .......... .....#
#...#........# ....##....
....####.....##.....# ..........


You could see a gnoll and an endoplasm.

Vanquished Creatures
  2 bats (D:1)
  2 endoplasms (D:1)
  A giant cockroach (D:1)
  2 goblins (D:1)
  A kobold (D:1)
  A ball python (D:1)
  A frilled lizard (D:1)
  A rat (D:1)
11 creatures vanquished.

Notes
Turn   | Place    | Note
-------+----------+-------------------------------------------
     0 | D:1      | Unglued128 the Draconian Ice Elementalist began the quest
                  | for the Orb.
     0 | D:1      | Reached XP level 1. HP: 14/14 MP: 3/3
   236 | D:1      | Found Wuutoe's Distillery.
   285 | D:1      | Reached XP level 2. HP: 20/20 MP: 0/5
   445 | D:1      | HP: 1/20 [gnoll/+0 spear (6)]
   447 | D:1      | Slain by a gnoll

Illustrated notes

Levels and vault maps discovered:
D:1:      dpeg_arrival_prison, layout_rooms, serial_shops, shop

Action                   || total
-------------------------++-------
Melee: Unarmed           ||     3
       Dagger            ||     3
       Tailslap          ||     1
 Cast: Freeze            ||    18
Armor: Skin              ||     3
Dodge: Dodged            ||     7
